 Dungeon Crawl Stone Soup version 0.17-a0-1701-gf693a3f (webtiles) character file.

836 shakdrar the Insei (level 7, -5/52 HPs)
             Began as an Octopode Monk on Aug 21, 2015.
             Was a Believer of Okawaru.
             Slain by an ice beast (14 damage)
             ... on level 5 of the Dungeon.
             The game lasted 00:19:51 (4951 turns).

shakdrar the Insei (Octopode Monk)                  Turns: 4951, Time: 00:19:51

Health: -5/52      AC:  1    Str: 13    XL:     7   Next: 99%
Magic:  7/7        EV: 13    Int: 12    God:    Okawaru [**....]
Gold:   170        SH:  5    Dex: 14    Spells: 0 memorised, 6 levels left

rFire  . . .     SeeInvis .       - Unarmed
rCold  . . .     Clarity  .     g - +0 buckler
rNeg   . . .     SustAt   .     (helmet restricted)
rPois  .         Gourm    .     (no amulet)
rElec  .         Spirit   .     o - ring of protection from magic
rCorr  .         Warding  .     (no ring)
rMut   .         Stasis   .     (no ring)
MR     +....                    (no ring)
Stlth  +++.......               (no ring)
                                (no ring)
                                (no ring)
                                (no ring)

@: somewhat resistant to hostile enchantments, fairly stealthy
A: almost no armour, amphibious, 8 rings, constrict 8, camouflage 1, gelatinous
body 1
a: Heroism, Renounce Religion


You were on level 5 of the Dungeon.
You worshipped Okawaru.
Okawaru was pleased with you.
You were not hungry.

You visited 1 branch of the dungeon, and saw 5 of its levels.

You collected 170 gold pieces.

Inventory:

Hand weapons
 i - a +0 blowgun
Missiles
 j - 18 poisoned needles
Armour
 g - a +0 buckler (worn)
Jewellery
 o - a ring of protection from magic (left tentacle)
Scrolls
 b - 3 scrolls of remove curse
 e - 3 scrolls of identify
 q - a scroll of blinking
Potions
 d - a potion of heal wounds
 f - a potion of resistance {unknown}
 k - a potion of brilliance
 m - a potion of curing
Books
 p - a book of Beasts

   Spells                             Type                      Level
   a - Summon Butterflies             Summoning                    1
   b - Call Canine Familiar           Summoning                    3
   c - Summon Ice Beast               Ice/Summoning                4
   d - Summon Mana Viper              Hexes/Summoning              5
   e - Summon Hydra                   Summoning                    7
Comestibles
 a - 2 bread rations
 c - a meat ration
 h - a royal jelly
 l - a slice of pizza
 n - 2 beef jerkies


   Skills:
 - Level 6.0 Fighting
 - Level 3.0 Dodging
 - Level 2.6 Stealth
 * Level 3.6 Shields
 - Level 7.0 Unarmed Combat


You had 6 spell levels left.
You didn't know any spells.

Dungeon Overview and Level Annotations

Branches:
Dungeon (5/15)
 Temple: D:4-7

Altars:
Kikubaaqudgha
Makhleb
Nemelex Xobeh
Okawaru
Trog


Innate Abilities, Weirdness & Mutations

You cannot wear most types of armour.
You are amphibious.
You can wear up to eight rings at the same time.
You can use your tentacles to constrict eight enemies at once.
Your skin changes colour to match your surroundings (Stealth).
Your rubbery body absorbs attacks (AC +1).


Message History

Okawaru accepts your kill.
Found a scale mail.
You see here a scale mail.
An ice beast comes into view.
The ice beast hits you. The ice beast freezes you!
You closely miss the ice beast.
Your tentacle-slap misses the ice beast.
The ice beast hits you. The ice beast freezes you.
You tentacle-slap the ice beast.
The ice beast is lightly wounded.
The ice beast hits you. The ice beast freezes you!
* * * LOW HITPOINT WARNING * * *
You closely miss the ice beast. Your squeeze misses the ice beast.
The ice beast is lightly wounded.
You bludgeon the ice beast!
The ice beast is moderately wounded.
The ice beast hits you.
* * * LOW HITPOINT WARNING * * *
The ice beast freezes you!
You die...

#.....# #.###.#
#.# #.# ##
###.###.##..#
#...........#
#####.#.###.###.#
............# .#
#######.#######Y#
#.......@.#
###########


You could see an ice beast.

Vanquished Creatures
  Sigmund (D:2)
  Eustachio (D:4)
  A scorpion (D:4)
  2 vampire bats (D:2)
  A giant frog skeleton (D:4)
  2 worker ants
  A centaur skeleton (D:4)
  3 orc wizards
  A hound skeleton (D:4)
  7 adders
  5 gnolls
  A worm (D:3)
  7 giant geckos
  8 orcs
  2 bat skeletons (D:2)
  3 bat zombies (D:2)
  6 goblins
  14 hobgoblins
  8 jackals
  A quokka (D:4)
  3 ball pythons
  9 bats
  3 giant cockroaches (D:1)
  5 giant newts
  10 kobolds
  6 rats
111 creatures vanquished.

Notes
Turn   | Place    | Note
--------------------------------------------------------------
     0 | D:1      | shakdrar the Octopode Monk began the quest for the Orb.
     0 | D:1      | Reached XP level 1. HP: 16/16 MP: 1/1
    72 | D:1      | Reached XP level 2. HP: 21/21 MP: 2/2
   562 | D:1      | Reached XP level 3. HP: 24/26 MP: 3/3
  1347 | D:2      | Noticed Sigmund
  1680 | D:2      | Reached XP level 4. HP: 29/33 MP: 4/4
  1691 | D:2      | Found an ancient bone altar of Kikubaaqudgha.
  1696 | D:2      | Reached skill level 5 in Unarmed Combat
  1700 | D:2      | Reached XP level 5. HP: 34/38 MP: 5/5
  2452 | D:2      | Killed Sigmund
  2452 | D:2      | Reached skill level 5 in Fighting
  2452 | D:2      | Reached skill level 6 in Unarmed Combat
  2452 | D:2      | Reached XP level 6. HP: 27/45 MP: 6/6
  2851 | D:3      | You fall through a shaft for 2 floors!
  2851 | D:5      | Entered Level 5 of the Dungeon
  3391 | D:3      | Found an iron altar of Okawaru.
  3399 | D:3      | Reached XP level 7. HP: 38/50 MP: 7/7
  3505 | D:3      | Became a worshipper of Warmaster Okawaru
  3505 | D:3      | Acquired Okawaru's first power
  3737 | D:4      | Found a burning altar of Makhleb.
  4056 | D:4      | Reached skill level 7 in Unarmed Combat
  4086 | D:4      | Found a sparkling altar of Nemelex Xobeh.
  4144 | D:4      | Noticed Eustachio
  4149 | D:4      | Found a bloodstained altar of Trog.
  4178 | D:4      | Killed Eustachio
  4951 | D:5      | Slain by an ice beast

Vault maps used:
D:1:      minmay_arrival_radiant_lines, hangedman_feature_mirror
D:2:      kennysheep_vampire_church, first_bread, uniq_sigmund
D:3:      okawaru_altar_gauntlet_db, minmay_misc_feat_rows
D:4:      nemelex_deck, lemuel_doored_altar, overflow_temple_1_default,
          uniq_eustachio
D:5:      grunt_dithmenos_shadows, enter_ossuary_3

Action                   |  1- 3 |  4- 6 |  7- 9 || total
-------------------------+-------+-------+-------++-------
Melee: Unarmed           |    76 |    97 |    75 ||   248
  Use: Potion            |     2 |     4 |     1 ||     7
       Scroll            |     5 |     3 |     1 ||     9
 Stab: Sleeping          |     8 |    15 |     6 ||    29
  Eat: Bread ration      |     1 |     1 |     1 ||     3
